 Dungeon Sprint DCSS version bcrawl-1.19.2-6-g6a88ae04c9 (webtiles) character file.

Game seed: 1364180329176261889

1313 Freyura the Basher (level 8, -3/54 HPs)
             Began as a Gargoyle Fighter on Jan 7, 2020.
             Was a Priest of the Shining One.
             Slain by a white ugly thing (19 damage)
             ... in the Dungeon (Sprint IX: "|||||||||||||||||||||||||||||").
             The game lasted 00:04:37 (358 turns).

Freyura the Basher (Gargoyle Fighter)                Turns: 358, Time: 00:04:38

Health: -3/54      AC: 17    Str: 19    XL:     8   Next: 58%
Magic:  12/12      EV: 15    Int: 10    God:    the Shining One [***...]
Gold:   0          SH:  0    Dex: 14    Spells: 7/7 levels left

rFire    . . .     SeeInvis .   s - +2 dire flail (crush)
rCold    . . .     Gourm    .   (shield currently unavailable)
rNeg     + + .     Faith    .   p - +1 scale mail
rPois    ∞         Spirit   .   (no helmet)
rElec    +         Reflect  .   q - +0 cloak
rCorr    .         Harm     .   (no gloves)
MR       .....     NoTele   +   r - +0 pair of boots
Stlth    ..........             (no amulet)
HPRegen  0.18/turn              n - +3 ring of dexterity
MPRegen  0.13/turn              o - +2 ring of evasion

@: glowing
A: negative energy resistance 1, electricity resistance, unbreathing,
petrification resistance, rot immunity, AC +5
a: Divine Shield, Renounce Religion


You were in the Dungeon.
You worshipped the Shining One.
The Shining One was most pleased with you.
You were not hungry.

You visited 1 branch

Inventory:

Hand Weapons
 s - a +2 dire flail of crushing (weapon)
Armour
 c - a +0 shield
 p - a +1 scale mail (worn)
 q - a +0 cloak (worn)
 r - a +0 pair of boots (worn)
Jewellery
 n - a +3 ring of dexterity (left hand)
 o - a +2 ring of evasion (right hand)
Wands
 m - a wand of acid (10)
Scrolls
 j - 3 scrolls of remove curse
 k - 2 scrolls of blinking
 l - 2 scrolls of amnesia
Potions
 d - a potion of invisibility
 e - 5 potions of curing
 g - 3 potions of heal wounds
 i - 4 potions of magic
Comestibles
 f - a ration {!d}


   Skills:
 + Level 8.2 Fighting
 * Level 10.2 Maces & Flails
 + Level 8.3 Armour
 + Level 5.7 Dodging
 + Level 8.3 Shields
 + Level 5.4 Invocations
 + Level 4.6 Evocations


You had 7 spell levels left.
You didn't know any spells.
Your spell library was empty.

Dungeon Overview and Level Annotations

Branches:
Dungeon (1/1)

Altars:
Cheibriados
Dithmenos
Elyvilon
Fedhas
Gozag
Hepliaklqana
Kikubaaqudgha
Lugonu
Makhleb
Nemelex Xobeh
Okawaru
Qazlal
Ru
Sif Muna
Trog
Uskayaw
Vehumet
Wu Jian
Xom
Yredelemnul
Zin
The Shining One
Beogh
Jiyva


Innate Abilities, Weirdness & Mutations

You are resistant to torment.
Your stone body is resilient. (AC +5)
You are immune to poison.
You resist negative energy. (rN+)
You are resistant to electric shocks. (rElec)
You can survive without breathing.
You are immune to petrification.
You are immune to rotting.


Message History

The white ugly thing is lightly wounded.
The white ugly thing barely misses you.
You impale the white ugly thing!!
The white ugly thing is moderately wounded.
The white ugly thing closely misses you.
You hit the white ugly thing but do no damage.
The white ugly thing is moderately wounded.
The white ugly thing engulfs you. The white ugly thing freezes you!!
Ouch! That really hurt!
You hit the white ugly thing.
The white ugly thing is moderately wounded.
The white ugly thing closely misses you.
You hit the white ugly thing.
The white ugly thing is moderately wounded.
You hit the white ugly thing but do no damage.
The white ugly thing is moderately wounded.
The white ugly thing engulfs you.
* * * LOW HITPOINT WARNING * * *
The white ugly thing freezes you!!
You die...

▓+▓
▓C▓
▓F▓
▓o▓
▓c▓
▓O▓
▓u▓
▓@▓
▓.▓
▓.▓
▓.▓
▓.▓
▓)▓
▓.▓
▓)▓
▓.▓


You could see a white ugly thing, a centaur warrior, a cyclops, an orc warrior,
an ogre and a bullfrog.

Vanquished Creatures
  A two-headed ogre (D)
  A freezing wraith (D)
  A yak (D)
  An orc warrior (D)
  A centaur (D)
  A howler monkey (D)
  A worker ant (D)
  A dart slug (D)
  An orc (D)
  A bat skeleton (D)
  A goblin (D)
  2 hobgoblins (D)
  A jackal (D)
  A quokka skeleton (D)
15 creatures vanquished.

Vanquished Creatures (others)
  A sky beast (D)
1 creature vanquished.

Grand Total: 16 creatures vanquished

Notes
Turn   | Place    | Note
-------+----------+-------------------------------------------
     0 | D        | Freyura the Gargoyle Fighter began the quest for the Orb.
     0 | D        | Reached XP level 1. HP: 14/14 MP: 1/1
    31 | D        | Reached skill level 3 in Maces & Flails
    31 | D        | Reached skill level 1 in Dodging
    31 | D        | Reached XP level 2. HP: 20/20 MP: 2/2
    38 | D        | Noticed a howler monkey
    38 | D        | Noticed a centaur
    38 | D        | Noticed a sky beast
    53 | D        | Killed a sky beast
    53 | D        | Reached skill level 5 in Maces & Flails
    53 | D        | Reached XP level 3. HP: 23/25 MP: 3/3
    53 | D        | Reached XP level 4. HP: 27/30 MP: 4/4
    58 | D        | Killed a centaur
    58 | D        | Reached skill level 5 in Fighting
    58 | D        | Reached skill level 6 in Maces & Flails
    58 | D        | Reached skill level 5 in Armour
    58 | D        | Reached skill level 5 in Shields
    58 | D        | Reached XP level 5. HP: 26/35 MP: 5/5
    74 | D        | Found a roughly hewn altar of Beogh.
    74 | D        | Found a snail-covered altar of Cheibriados.
    74 | D        | Found a shadowy altar of Dithmenos.
    74 | D        | Found a white marble altar of Elyvilon.
    74 | D        | Found a blossoming altar of Fedhas.
    74 | D        | Found an opulent altar of Gozag.
    75 | D        | Found a hazy altar of Hepliaklqana.
    76 | D        | Found a viscous altar of Jiyva.
    77 | D        | Found an ancient bone altar of Kikubaaqudgha.
    78 | D        | Found a corrupted altar of Lugonu.
    79 | D        | Found a burning altar of Makhleb.
    80 | D        | Found a sparkling altar of Nemelex Xobeh.
    81 | D        | Found an iron altar of Okawaru.
    82 | D        | Found a stormy altar of Qazlal.
    83 | D        | Found a sacrificial altar of Ru.
    84 | D        | Found a shimmering blue altar of Sif Muna.
    85 | D        | Found a bloodstained altar of Trog.
    86 | D        | Found a hide-covered altar of Uskayaw.
    87 | D        | Found a radiant altar of Vehumet.
    88 | D        | Found an ornate altar of the Wu Jian Council.
    89 | D        | Found a shimmering altar of Xom.
    90 | D        | Found a basalt altar of Yredelemnul.
    91 | D        | Found a glowing silver altar of Zin.
    92 | D        | Found a glowing golden altar of the Shining One.
   164 | D        | Became a worshipper of Zin the Law-Giver
   166 | D        | Fell from the grace of Zin
   166 | D        | Became a worshipper of the Shining One
   177 | D        | Noticed an orc warrior
   177 | D        | Noticed a freezing wraith
   177 | D        | Reached * piety under the Shining One
   177 | D        | Noticed a two-headed ogre
   177 | D        | Noticed a yak
   186 | D        | Killed a yak
   186 | D        | Reached skill level 7 in Maces & Flails
   186 | D        | Reached skill level 1 in Evocations
   186 | D        | Reached XP level 6. HP: 34/42 MP: 5/7
   191 | D        | Killed a two-headed ogre
   191 | D        | Reached skill level 9 in Maces & Flails
   191 | D        | Reached skill level 5 in Dodging
   191 | D        | Reached XP level 7. HP: 39/48 MP: 5/10
   191 | D        | Reached XP level 8. HP: 44/54 MP: 5/11
   200 | D        | Killed a freezing wraith
   200 | D        | Reached ** piety under the Shining One
   200 | D        | Reached skill level 10 in Maces & Flails
   200 | D        | Reached skill level 5 in Invocations
   351 | D        | Noticed a cyclops
   351 | D        | Noticed a centaur warrior
   351 | D        | Reached *** piety under the Shining One
   351 | D        | Noticed a white ugly thing
   358 | D        | Slain by a white ugly thing

Skill      XL: |  1  2  3  4  5  6  7  8 |
---------------+-------------------------+-----
Maces & Flails | 3 5 6 7 9 10 | 10.2
Dodging        | 1 2 3 4 5 |  5.7
Fighting       | 4 5 6 7 8 |  8.2
Armour         | 4 5 6 7 8 |  8.3
Shields        | 4 5 6 7 8 |  8.3
Invocations    | 2 4 5 |  5.4
Evocations     | 1 4 |  4.6

Action                   |  1- 3 |  4- 6 |  7- 9 || total
-------------------------+-------+-------+-------++-------
Melee: Flail             |    40 |    14 |       ||    54
       Dire flail        |       |    12 |    21 ||    33
  Use: Potion            |     2 |     1 |       ||     3
Armor: Scale mail        |    17 |    10 |     5 ||    32
Dodge: Dodged            |    12 |    11 |     8 ||    31
Block: Shield            |    17 |    11 |       ||    28
